 Dungeon Crawl Stone Soup version 0.29.0-4-gdea44cf6ec (webtiles) character file.

Game seed: 1958293283772206511

76 qw the Chopper (level 4, -4/28 HPs)
             Began as a Gargoyle Fighter on Sept 8, 2022.
             Killed from afar by an orc wizard (5 damage)
             ... with a puff of flame
             ... on level 2 of the Dungeon.
             The game lasted 00:00:45 (1774 turns).

qw the Chopper (Gargoyle Fighter)                   Turns: 1774, Time: 00:00:45

Health: -4/28      AC: 12    Str: 21    XL:     4   Next: 32%
Magic:  4/4        EV:  7    Int:  9    God:
Gold:   81         SH:  4    Dex:  9    Spells: 3/3 levels left

rFire   . . .      SeeInvis .   Y - +0 war axe
rCold   . . .      Faith    .   c - +0 buckler
rNeg    + . .      Spirit   .   e - +0 chain mail
rPois   inf        Reflect  .   (no helmet)
rElec   +          Harm     .   (no cloak)
rCorr   .          Rampage  .   (no gloves)
Will    .....                   (no boots)
Stlth   ..........              (no amulet)
HPRegen 0.09/turn               (no ring)
MPRegen 0.09/turn               (no ring)

@: about to teleport
A: sickness immunity, AC +3, negative energy resistance 1, electricity
resistance, torment resistance 1, petrification resistance
a: no special abilities


You were on level 2 of the Dungeon.
You visited 1 branch of the dungeon, and saw 2 of its levels.

You collected 81 gold pieces.


Innate Abilities, Weirdness & Mutations

You are immune to sickness and miasma.
Your stone body is resilient. (AC +3)
You are immune to poison.
You resist negative energy. (rN+)
You are resistant to electric shocks. (rElec)
You are resistant to unholy torment.
You are immune to petrification.


   Skills:
 - Level 3.2 Fighting
 + Level 4.0 Axes
 - Level 3.2 Armour
 - Level 3.2 Shields


You had 3 spell levels left.
You didn't know any spells.
Your spell library was empty.

Inventory:

Hand Weapons
 i - a +0 whip
 Y - a +0 war axe (weapon)
Armour
 c - a +0 buckler (worn)
 e - a +0 chain mail (worn)
Jewellery
 f - a ring of ice
Scrolls
 a - a scroll of fear {unknown}
Potions
 d - 2 potions of might
 g - a potion of lignification {unknown}
 h - a potion of haste
 j - a potion of mutation {unknown}
 k - a potion of magic {unknown}

Dungeon Overview and Level Annotations

Branches:
Dungeon (2/15)

Altars:


Message History

The orc wizard hits you with a +0 dagger.
The orc priest hits you but does no damage.
You hit the orc priest.
The orc priest is moderately wounded.
You closely miss the orc wizard.
The orc priest miscasts a cantrip.
You slash the orc priest!
The orc priest is almost dead.
You hit the orc but do no damage. You closely miss the bat.
You closely miss the orc wizard. The bat hits you but does no damage.
The orc priest hits you with a +0 short sword.
You block the orc wizard's attack. Something hits you but does no damage.
The orc wizard hits you but does no damage.
The orc hits you but does no damage.
The orc priest calls down the wrath of Beogh upon you.
Pain shoots through your body!
You slash the orc priest!
You kill the orc priest!
You hit something.
You closely miss the orc. x2; You hit the orc wizard.
The bat hits you but does no damage. x2; The orc hits you with a +0 short sword.
You hear some strange, mumbled words.
A magic dart appears from out of thin air!
The magic dart hits you. The orc hits you but does no damage.
The orc wizard hits you but does no damage.
Your Axes skill increases to level 4!
You have reached level 4!
You feel clever.
1773 ||| READING scroll of teleportation.
As you read the scroll of teleportation, it crumbles to dust.
You feel strangely unstable. The bat hits you but does no damage.
The bat closely misses you. Something hits you but does no damage.
The orc hits you but does no damage. x2
You block the orc wizard's attack.
You barely miss the orc wizard.
The orc wizard is heavily wounded.
You barely miss something. You hit the orc. x2
The bat barely misses you. x2; The orc hits you with a +0 short sword.
Something hits you but does no damage. The orc hits you but does no damage.
The orc wizard points at you and mumbles some strange words.
The puff of flame hits you.
You die...

#P..#.###>##
............#'###.##..##
.........[..#P....##.###
.....!.$....########.# #
............# #......# #
............# #..##.## #
.......b....###.#....# #
......bo...# #....#...##
...#){@..# #..###.#..#
#.....oo..####.## #.##..
##...##....##..# #.....
### #....%#.## ##.....
###.....##~#......
##......~.......
##..#..~.......
#.....~.......
#....#~#......


You could see an orc wizard, 2 orcs and 2 bats.

Vanquished Creatures
  An orc priest (D:2)
  2 worms (D:2)
  2 dart slugs
  2 endoplasms
  A giant cockroach (D:2)
  5 goblins
  3 hobgoblins (D:1)
  5 kobolds
  2 quokkas
  9 ball pythons
  3 bats
  3 rats (D:1)
38 creatures vanquished.

Notes
Turn   | Place    | Note
-------+----------+-------------------------------------------
     0 | D:1      | qw the Gargoyle Fighter began the quest for the Orb.
     0 | D:1      | Reached XP level 1. HP: 14/14 MP: 1/1
     0 | D:1      | 0 ||| qw: Version: 0.1-a-112-g44dc6cd
     0 | D:1      | 0 ||| qw: Game counter: 6684
     0 | D:1      | 0 ||| qw: Always use a shield: true
     0 | D:1      | 0 ||| qw: God list: Okawaru
     0 | D:1      | 0 ||| qw: Allow faded altars: false
     0 | D:1      | 0 ||| qw: Do Orc after D:15 true
     0 | D:1      | 0 ||| qw: Do second Lair branch before Depths: true
     0 | D:1      | 0 ||| qw: Lair rune preference: random
     0 | D:1      | 0 ||| qw: Plans: Normal, Zot, God:TSO, Crypt, Tomb, Zig,
                  | Orb
     0 | D:1      | 0 ||| PLANNING D:1-11
    37 | D:1      | Reached skill level 2 in Axes
   150 | D:1      | Reached XP level 2. HP: 11/19 MP: 2/2
   991 | D:1      | Reached skill level 3 in Axes
  1012 | D:1      | 1012 ||| DROPPING +0 club.
  1084 | D:1      | 1084 ||| Stepping ~*~*~tactically~*~*~ (stealth).
  1091 | D:1      | Reached XP level 3. HP: 23/23 MP: 3/3
  1289 | D:1      | 1289 ||| READING scroll labelled FIRRODASAJ.
  1292 | D:1      | 1292 ||| READING scroll labelled KOJAOTUTOBI.
  1293 | D:1      | 1293 ||| DRINKING 2 black potions.
  1367 | D:2      | 1367 ||| Stepping ~*~*~tactically~*~*~ (stealth).
  1374 | D:2      | 1374 ||| Stepping ~*~*~tactically~*~*~ (stealth).
  1404 | D:2      | 1404 ||| FLEEEEING.
  1405 | D:2      | 1405 ||| FLEEEEING.
  1406 | D:2      | 1406 ||| FLEEEEING.
  1407 | D:2      | 1407 ||| FLEEEEING.
  1408 | D:2      | 1408 ||| FLEEEEING.
  1409 | D:2      | 1409 ||| FLEEEEING.
  1410 | D:2      | 1410 ||| FLEEEEING.
  1411 | D:2      | 1411 ||| FLEEEEING.
  1413 | D:2      | 1413 ||| STAIRDANCE
  1559 | D:1      | 1559 ||| UPGRADING to +0 chain mail.
  1569 | D:1      | 1569 ||| DROPPING +0 scale mail.
  1570 | D:1      | 1570 ||| READING scroll labelled XEQECI VA LUWU.
  1573 | D:2      | 1573 ||| STAIRDANCE
  1578 | D:1      | 1578 ||| READING scroll labelled LAOWEAPTYTYF.
  1585 | D:2      | 1585 ||| STAIRDANCE
  1635 | D:2      | 1635 ||| Stepping ~*~*~tactically~*~*~ (stealth).
  1655 | D:2      | 1655 ||| Stepping ~*~*~tactically~*~*~ (stealth).
  1656 | D:2      | 1656 ||| Stepping ~*~*~tactically~*~*~ (stealth).
  1659 | D:2      | 1659 ||| Stepping ~*~*~tactically~*~*~ (stealth).
  1674 | D:2      | 1674 ||| Stepping ~*~*~tactically~*~*~ (stealth).
  1700 | D:2      | Found a faded altar of an unknown god.
  1772 | D:2      | HP: 3/23 [something/magic dart (6)]
  1773 | D:2      | Reached skill level 4 in Axes
  1773 | D:2      | Reached XP level 4. HP: 4/28 MP: 4/4
  1773 | D:2      | 1773 ||| READING scroll of teleportation.
  1774 | D:2      | HP: 1/28 [orc/+0 short sword (3)]
  1774 | D:2      | Killed from afar by an orc wizard

Levels and vault maps discovered:
D:1:      lightli_iron_boxes, layout_loops_ring
D:2:      layout_rooms, serial_rivers, chequers_serial_rivers_micro_a,
          chequers_serial_rivers_small_a, chequers_serial_rivers_room_a,
          chequers_serial_rivers_small_b, chequers_serial_rivers_micro_a,
          shapermc_ecumenical_altar_ellora, minmay_tetromino_s2

Skill      XL: |  1  2  3 |
---------------+----------+-----
Axes           | 2 3 4 |  4.0
Fighting       | |  3.2
Armour         | |  3.2
Shields        | |  3.2

Action                   |  1- 3 |  4- 6 || total
-------------------------+-------+-------++-------
Melee: War axe           |   110 |     1 ||   111
  Use: Scroll            |     4 |     1 ||     5
       Potion            |     1 |       ||     1
Armor: Scale mail        |    48 |       ||    48
       Chain mail        |    13 |     6 ||    19
Dodge: Dodged            |    45 |     3 ||    48
Block: Buckler           |    13 |     1 ||    14

Table legend:
 A = Non-vault XP
 B = Vault XP
 C = Vault XP percentage of total XP
 D = Non-vault monster count
 E = Vault monster count
 F = Vault count percentage of total count
                 A         B        C        D         E       F
            +---------+---------+-------+---------+---------+-------
      Total |     107 |       2 |   1.8 |      37 |       1 |   2.6
            +---------+---------+-------+---------+---------+-------
        D:1 |      39 |       0 |   0.0 |      25 |       0 |   0.0
        D:2 |      68 |       2 |   2.9 |      12 |       1 |   7.7
            +---------+---------+-------+---------+---------+-------
